 Dungeon Crawl Stone Soup version 0.31-a0-1515-g1b70e30 (webtiles) character file.

Game seed: 1473870689047617131

70942 blake the Demolition Hill Orc (level 15, 0/141 HPs)
             Began as a Hill Orc Monk on Dec 29, 2023.
             Was an Elder of Makhleb.
             Slain by a death knight
             ... wielding a +1 battleaxe of electrocution
              (13 damage)
             ... on level 12 of the Dungeon on Dec 30, 2023.
             The game lasted 01:50:00 (20276 turns).

blake the Demolition Hill Orc (Hill Orc Monk)      Turns: 20276, Time: 01:50:01

Health: 0/141      AC: 23    Str: 22    XL:     15   Next: 35%
Magic:  29/29      EV: 10    Int: 10    God:    Makhleb [****..]
Gold:   1515       SH:  0    Dex: 13    Spells: 14/14 levels left

rFire   + . .        x - +5 woodcutter's axe
rCold   + . .        (shield currently unavailable)
rNeg    . . .        q - +1 plate armour {rPois}
rPois   +            k - +1 helmet
rElec   .            A - scarf {rC+ rF+}
rCorr   +            m - +0 pair of gloves
SInv    .            S - +0 pair of boots
Will    +....        (no amulet) Stlth
                     p - ring of Starshine {Wiz rCorr}
HPRegen 0.43/turn    K - +4 ring of slaying
MPRegen 0.21/turn

%: wizardry (x1)
@: mighty
A: no striking features
a: Renounce Religion, Minor Destruction, Lesser Servant of Makhleb, Major
Destruction


You were on level 12 of the Dungeon.
You worshipped Makhleb.
Makhleb was greatly pleased with you.
You visited 3 branches of the dungeon, and saw 19 of its levels.

You collected 2082 gold pieces.
You spent 567 gold pieces at shops.

Inventory:

Hand Weapons
 d - a +5 great mace of draining
 h - the +6 long sword of Ythuawew {antimagic, ^Drain Will++ rCorr Int+3}
   (You bought it in a shop on level 2 of the Orcish Mines)

   Int+3:     It affects your intelligence (+3).
   Will++:    It greatly increases your willpower.
   rCorr:     It protects you from acid and corrosion.
   ^Drain:    It drains your maximum health when unequipped.
 n - the +2 short sword of the Fifty Bones {spect, rCorr Str-4 Dex+2}
   (You found it on level 2 of the Dungeon)

   Str-4:     It affects your strength (-4).
   Dex+2:     It affects your dexterity (+2).
   rCorr:     It protects you from acid and corrosion.
 x - the +5 woodcutter's axe (weapon)
   (You found it on level 3 of the Dungeon)
 J - a +0 orcbow of flaming
Missiles
 f - 8 javelins
 L - 2 throwing nets
Armour
 k - a +1 helmet (worn)
 m - a +0 pair of gloves (worn)
 q - a +1 plate armour of poison resistance (worn)
 A - a scarf of resistance (worn)
 S - a +0 pair of boots (worn)
Jewellery
 j - a +5 ring of evasion
 o - a ring of magical power
 p - the ring of Starshine (left hand) {Wiz rCorr}
   (You found it on level 2 of the Dungeon)

   [ring of wizardry]

   Wiz:       It improves your spell success rate.
   rCorr:     It protects you from acid and corrosion.
 s - an amulet of magic regeneration
 F - a ring of positive energy
 K - a +4 ring of slaying (right hand)
 M - a ring of protection from cold
 P - a ring of protection from cold
 W - a ring of ice
 Y - a ring of poison resistance
Wands
 b - a wand of mindburst (11)
 u - a wand of polymorph (14)
 H - a wand of paralysis (9)
 I - a wand of iceblast (10)
 Q - a wand of flame (8)
 U - a wand of digging (5)
Scrolls
 a - a scroll of fog
 g - 4 scrolls of enchant armour
 w - a scroll of immolation
 y - 2 scrolls of noise
 B - 4 scrolls of amnesia
 C - a scroll of brand weapon
 N - a scroll of poison
 X - a scroll of enchant weapon
Potions
 c - 3 potions of ambrosia
 e - a potion of resistance
 i - 3 potions of degeneration
 l - 3 potions of brilliance
 r - a potion of curing
 t - 2 potions of cancellation
 z - 3 potions of haste
 D - 3 potions of attraction
 E - a potion of berserk rage {unknown}
 G - 5 potions of mutation {unknown}
 O - 2 potions of enlightenment
Miscellaneous
 T - a tin of tremorstones (1/2)


   Skills:
 - Level 15.3 Fighting
 - Level 2.4 Short Blades
 - Level 4.7(6.5) Axes
 * Level 5.8(6.4) Maces & Flails
 - Level 13.7 Armour
 - Level 9.7 Dodging
 - Level 0.6 Shields
 - Level 20.0 Invocations


You had 14 spell levels left.
You didn't know any spells.
Your spell library contained the following spells:

 Spells                   Type           Power      Damage    Failure   Level
 Apportation              Tloc           0%         N/A       80%         1
 Slow                     Hex            0%         N/A       80%         1
 Summon Small Mammal      Summ           0%         N/A       80%         1
 Cigotuvi's Dreadful Rot  Necr/Alch/Air  0%         N/A       90%         2
 Ensorcelled Hibernation  Hex/Ice        0%         N/A       90%         2
 Jinxbite                 Hex            0%         N/A       90%         2
 Call Canine Familiar     Summ           0%         N/A       98%         3
 Confusing Touch          Hex            0%         N/A       98%         3
 Dazzling Flash           Conj/Hex       0%         N/A       98%         3
 Mephitic Cloud           Conj/Alch/Air  0%         N/A       98%         3
 Passwall                 Erth           0%         N/A       98%         3
 Sigil of Binding         Hex            0%         N/A       98%         3
 Swiftness                Air            0%         N/A       98%         3
 Vampiric Draining        Necr           0%         2d6       98%         3
 Ignite Poison            Fire/Alch      0%         N/A       100%        4
 Manifold Assault         Tloc           0%         N/A       100%        4
 Sticky Flame             Fire/Alch      0%         2d4       100%        4
 Summon Blazeheart Golem  Fire/Summ      0%         N/A       100%        4
 Alistair's Intoxication  Alch           0%         N/A       100%        5
 Curse of Agony           Necr           0%         N/A       100%        5
 Freezing Cloud           Conj/Ice/Air   0%         6-21      100%        5
 Silence                  Hex/Air        0%         N/A       100%        5
 Dispersal                Tloc           0%         N/A       100%        6
 Disjunction              Tloc           0%         N/A       100%        8
 Ignition                 Fire           0%         3d3       100%        8


Dungeon Overview and Level Annotations

Branches:
Dungeon (12/15)            Temple (0/1) D:7            Lair (5/5) D:9
  Swamp (0/4) Lair:3       Spider (0/4) Lair:3        Slime (0/5) Lair:5
    Orc (2/2) D:10            Elf (0/3) Orc:2

Altars:
Ashenzari
Elyvilon
Hepliaklqana
Kikubaaqudgha
Makhleb
Nemelex Xobeh
Okawaru
Qazlal
Vehumet
Wu Jian
Zin
The Shining One
Beogh

Shops:
D:2 *   Orc:2 *[([

Annotations:
D:6 5 runed translucent doors
D:11 exclusion: statue
Lair:5 Nessos


Message History

The death knight hits you but does no damage.
You slash the death knight!
The death knight is moderately wounded.
The death knight hits you but does no damage.
You barely miss the death knight.
The death knight is moderately wounded.
The death knight hits you with a +1 battleaxe of electrocution.
* * * LOW HITPOINT WARNING * * *
You hit the death knight.
The death knight is moderately wounded.
The death knight hits you with a +1 battleaxe of electrocution.
* * * LOW HITPOINT WARNING * * *
You are electrocuted!
* * * LOW HITPOINT WARNING * * *
You feel much better.
The death knight hits you but does no damage.
You are electrocuted!
* * * LOW HITPOINT WARNING * * *
You feel much better. The death knight misses you.
You slice the death knight!!
The death knight is severely wounded.
The death knight invokes the aid of Yredelemnul against you.
Your body is wracked with pain!
* * * LOW HITPOINT WARNING * * *
You feel much better.
The death knight hits you but does no damage.
You are electrocuted!!
* * * LOW HITPOINT WARNING * * *
You feel much better.
The death knight hits you with a +1 battleaxe of electrocution!
* * * LOW HITPOINT WARNING * * *
You slice the death knight!!
The death knight is almost dead.
The death knight offers itself to Yredelemnul, and fills with unholy energy.
You barely miss the death knight.
The death knight is almost dead.
The death knight hits you with a +1 battleaxe of electrocution!!
* * * LOW HITPOINT WARNING * * *
You are electrocuted!
You die...

### ### #.### #.# #.#..
..# #.#.# #.# # #@#.#
#.# #####.#p#.####.# .#
....°.#.#....#.# ###.#
........#....#.####.#.##
....................#...
........#.#.............
........................
.......#.....#.####...##
###.#+##..#..#.####.....


You could see a death knight (reflects damage).

Vanquished Creatures
  A catoblepas (Lair:5)
  2 hydras
  A ghost crab (Lair:3)
  A boulder beetle (D:12)
  Erica (D:11)
  A two-headed ogre (Orc:1)
  7 death yaks
  2 skysharks
  An orb spider (Lair:3)
  An orc knight (Orc:2)
  An orc sorcerer (Orc:2)
  An ugly thing (D:12)
  A cyclops (D:11)
  2 manticores (Lair:5)
  17 elephants
  4 black mambas
  8 kobold blastminers
  A torpor snail (Lair:5)
  A kobold demonologist (D:11)
  11 komodo dragons
  6 cane toads
  An unseen horror (D:11)
  2 rime drakes
  3 polar bears
  6 trolls
  Grinder (D:5)
  A spectral dream sheep (Lair:3)
  14 blink frogs
  4 slime creatures (D:12)
  A shadow (D:9)
  4 wyverns
  38 yaks
  3 wraiths
  3 fire bats (Lair:3)
  A spectral komodo dragon (Lair:3)
  2 wargs
  2 steam dragons (D:8)
  A spectral cane toad (Lair:3)
  9 water moccasins
  20 orc warriors
  A spectral torpor snail (Lair:3)
  A sky beast (D:7)
  2 ice beasts
  4 black bears
  12 ogres
  3 centaurs
  5 wolves
  3 phantoms
  A spectral basilisk (Lair:3)
  A kobold brigand (D:6)
  5 bullfrogs
  2 gnoll sergeants
  2 scorpions
  4 wights (D:9)
  3 bombardier beetles
  3 electric eels (Lair:1)
  5 howler monkeys (D:9)
  2 jellies (D:6)
  6 hounds
  16 orc priests
  3 iguanas
  4 sleepcaps
  24 orc wizards
  11 adders
  17 gnolls
  A river rat (D:9)
  2 shadow imps
  2 ufetubi (D:6)
  2 ribbon worms
  4 dart slugs
  72 orcs
  6 ball pythons
  6 endoplasms
  3 giant cockroaches
  7 hobgoblins
  3 jackals (D:5)
  11 kobolds
  5 quokkas
  8 bats
  7 frilled lizards
  7 goblins
  7 rats
480 creatures vanquished.

Vanquished Creatures (collateral kills)
  Gastronok (Lair:2)
  2 orc warlords
  An ettin (Orc:2)
  Josephine (Lair:5)
  A hydra (Lair:5)
  2 catoblepae (Lair:5)
  3 two-headed ogres
  3 death yaks
  2 orc high priests (Orc:2)
  2 orc knights (Orc:2)
  A manticore (D:9)
  3 elephants
  4 kobold blastminers (Orc:2)
  A cane toad (Lair:2)
  2 trolls
  A blink frog (Lair:5)
  Sigmund (D:5)
  A spectral black mamba (Lair:3)
  2 wraiths (Lair:5)
  16 yaks
  A basilisk (Lair:4)
  2 water moccasins
  14 orc warriors
  An ice beast (D:5)
  9 ogres
  2 wolves (Lair:3)
  4 bullfrogs
  A gnoll sergeant (D:10)
  6 killer bees (D:9)
  A howler monkey (D:9)
  8 orc priests
  An iguana (D:6)
  4 orc wizards
  3 gnolls (D:10)
  A river rat (D:9)
  20 orcs
  A quokka (D:9)
129 creatures vanquished.

Grand Total: 609 creatures vanquished

Notes
Turn   | Place    | Note
-------+----------+-------------------------------------------
     0 | D:1      | blake the Hill Orc Monk began the quest for the Orb.
     0 | D:1      | Reached XP level 1. HP: 19/19 MP: 1/1
   116 | D:1      | Reached XP level 2. HP: 22/27 MP: 2/2
   174 | D:1      | Reached skill level 1 in Armour
   342 | D:1      | Reached XP level 3. HP: 32/33 MP: 3/3
  1024 | D:2      | Identified the +2 short sword of the Fifty Bones {spect,
                  | rCorr Str-4 Dex+2}
  1117 | D:2      | Reached skill level 1 in Short Blades
  1117 | D:2      | Reached XP level 4. HP: 28/41 MP: 4/4
  1172 | D:2      | Identified the ring of Starshine {Wiz rCorr}
  1606 | D:2      | Found Qite's General Store.
  1644 | D:3      | Found a sparkling altar of Nemelex Xobeh.
  1837 | D:3      | Found a glowing golden altar of the Shining One.
  1837 | D:3      | Found a white marble altar of Elyvilon.
  1837 | D:3      | Found a glowing silver altar of Zin.
  1997 | D:3      | Found a faded altar of an unknown god.
  2008 | D:3      | Prayed at the altar of an unknown god.
  2008 | D:3      | Became a worshipper of Makhleb the Destroyer
  2008 | D:3      | Reached * piety under Makhleb
  2008 | D:3      | Reached ** piety under Makhleb
  2100 | D:3      | Reached XP level 5. HP: 28/47 MP: 5/5
  2222 | D:3      | Found the +5 woodcutter's axe
  2425 | D:3      | Reached skill level 5 in Fighting
  2425 | D:3      | Reached skill level 1 in Invocations
  2435 | D:3      | Reached XP level 6. HP: 51/56 MP: 7/7
  2641 | D:4      | Reached skill level 2 in Invocations
  2755 | D:4      | Reached skill level 3 in Invocations
  2820 | D:4      | Reached *** piety under Makhleb
  2835 | D:4      | Found an iron altar of Okawaru.
  2918 | D:4      | Reached XP level 7. HP: 61/62 MP: 9/9
  3022 | D:4      | Found an ancient bone altar of Kikubaaqudgha.
  3032 | D:4      | Found an ornate altar of the Wu Jian Council.
  3196 | D:5      | Entered Level 5 of the Dungeon
  3257 | D:5      | Found a stormy altar of Qazlal.
  3276 | D:5      | Reached skill level 4 in Invocations
  3316 | D:5      | Noticed Grinder
  3321 | D:5      | Paralysed by Grinder for 3 turns
  3335 | D:5      | Killed Grinder
  3336 | D:5      | Reached skill level 5 in Armour
  3336 | D:5      | Reached skill level 5 in Invocations
  3336 | D:5      | Reached XP level 8. HP: 25/73 MP: 11/11
  3526 | D:5      | Found a hazy altar of Hepliaklqana.
  3527 | D:5      | Noticed Sigmund
  3539 | D:5      | Killed Sigmund
  3540 | D:5      | Reached skill level 6 in Invocations
  4064 | D:6      | Reached **** piety under Makhleb
  4070 | D:6      | Reached skill level 7 in Invocations
  4196 | D:6      | Reached XP level 9. HP: 81/82 MP: 14/14
  4643 | D:6      | Found a runed translucent door.
  4853 | D:6      | Reached skill level 8 in Invocations
  4901 | D:6      | Found a large runed translucent door.
  4901 | D:6      | Found a large runed translucent door.
  4905 | D:6      | Found a runed translucent door.
  4905 | D:6      | Found a runed translucent door.
  4905 | D:6      | Found a runed translucent door.
  4911 | D:6      | Found a roughly hewn altar of Beogh.
  5491 | D:7      | Found a staircase to the Ecumenical Temple.
  5894 | D:8      | Reached skill level 9 in Invocations
  5894 | D:8      | Reached XP level 10. HP: 92/92 MP: 16/16
  5976 | D:8      | Reached ***** piety under Makhleb
  6018 | D:8      | Reached skill level 10 in Fighting
  6486 | D:9      | Reached skill level 10 in Invocations
  6544 | D:9      | Found a staircase to the Lair.
  6545 | D:9      | Noticed a death yak
  6545 | D:9      | Noticed a death yak
  6549 | D:9      | Noticed a death yak
  6556 | D:9      | Noticed a manticore
  6661 | D:9      | Killed a death yak
  6674 | D:9      | Killed a death yak
  6675 | D:9      | Reached skill level 11 in Invocations
  6933 | D:9      | Reached skill level 5 in Dodging
  6942 | D:9      | Killed a manticore
  6948 | D:9      | Killed a death yak
  6949 | D:9      | Reached XP level 11. HP: 85/102 MP: 19/19
  6952 | D:9      | Reached skill level 12 in Invocations
  7031 | D:9      | Upgraded the game from 0.31-a0-1486-gbe66496 to
                  | 0.31-a0-1492-g96aa2ea
  7309 | D:9      | Found a burning altar of Makhleb.
  7309 | D:9      | Found a broken altar of Ashenzari.
  7376 | D:10     | Entered Level 10 of the Dungeon
  7905 | D:11     | Found a radiant altar of Vehumet.
  7917 | D:11     | Upgraded the game from 0.31-a0-1492-g96aa2ea to
                  | 0.31-a0-1515-g1b70e30
  7926 | D:11     | Noticed Erica
  7940 | D:11     | Killed Erica
  8322 | D:11     | Reached skill level 10 in Armour
  8432 | D:11     | Noticed a two-headed ogre
  8438 | D:11     | Killed a two-headed ogre
  8439 | D:11     | Reached skill level 13 in Invocations
  8444 | D:11     | Noticed a two-headed ogre
  8451 | D:11     | Killed a two-headed ogre
  8617 | D:10     | Found a staircase to the Orcish Mines.
  8754 | D:10     | Noticed a two-headed ogre
  8762 | D:10     | Killed a two-headed ogre
  8839 | D:11     | Noticed a cyclops
  9561 | D:11     | Killed a cyclops
  9612 | D:12     | Reached XP level 12. HP: 74/112 MP: 22/22
  9621 | D:12     | Reached skill level 14 in Invocations
  9731 | Lair:1   | Entered Level 1 of the Lair of Beasts
 11630 | D:2      | Bought a +3 scale mail of poison resistance for 253 gold
                  | pieces
 11906 | Lair:2   | Reached skill level 15 in Invocations
 12065 | Lair:2   | Noticed Gastronok
 12520 | Lair:3   | Noticed a skyshark
 12533 | Lair:3   | Killed a skyshark
 12534 | Lair:3   | Reached XP level 13. HP: 122/122 MP: 24/24
 12636 | Lair:3   | Reached skill level 16 in Invocations
 12729 | Lair:3   | Found a hole to the Spider Nest.
 13082 | Lair:3   | Found a staircase to the Swamp.
 13671 | Lair:4   | Reached skill level 17 in Invocations
 14460 | Lair:5   | Entered Level 5 of the Lair of Beasts
 15099 | Lair:5   | Found a staircase to the Slime Pits.
 15562 | Lair:5   | Noticed Nessos
 15584 | Lair:5   | HP: 4/124 [Nessos/arrow (3)]
 16048 | Orc:1    | Entered Level 1 of the Orcish Mines
 16054 | Orc:1    | Reached skill level 18 in Invocations
 16054 | Orc:1    | Reached XP level 14. HP: 125/132 MP: 25/27
 16096 | Orc:1    | Noticed an orc warlord
 16114 | Orc:1    | Killed an orc warlord
 16500 | Orc:2    | Entered Level 2 of the Orcish Mines
 16928 | Orc:2    | Found a roughly hewn altar of Beogh.
 16943 | Orc:2    | Found Lyogh's Armour Shoppe.
 17077 | Orc:2    | Found a roughly hewn altar of Beogh.
 17117 | Orc:2    | Found a staircase to the Elven Halls.
 17156 | Orc:2    | Found a roughly hewn altar of Beogh.
 17160 | Orc:2    | Found Xiadooky's General Store.
 17280 | Orc:2    | Noticed an orc warlord
 17291 | Orc:2    | Killed an orc warlord
 17300 | Orc:2    | Reached skill level 19 in Invocations
 17309 | Orc:2    | Found Qidgh's Antique Armour Shop.
 17310 | Orc:2    | Found a roughly hewn altar of Beogh.
 17313 | Orc:2    | Found Qied's Antique Weapon Boutique.
 17324 | Orc:2    | Bought an encrusted long sword for 314 gold pieces
 17324 | Orc:2    | Identified the +6 long sword of Ythuawew {antimagic, ^Drain
                  | Will++ rCorr Int+3} (You bought it in a shop on level 2 of
                  | the Orcish Mines)
 17493 | Orc:2    | Found a roughly hewn altar of Beogh.
 17719 | Orc:2    | Found a roughly hewn altar of Beogh.
 18654 | Lair:2   | Killed Gastronok
 18690 | Lair:2   | Reached skill level 15 in Fighting
 19157 | Lair:5   | Noticed Josephine
 19164 | Lair:5   | Killed Josephine
 19174 | Lair:5   | Reached XP level 15. HP: 91/141 MP: 28/28
 19198 | Lair:5   | Reached skill level 20 in Invocations
 19469 | Lair:5   | Reached skill level 1 in Maces & Flails
 19819 | Lair:5   | Reached skill level 5 in Maces & Flails
 20276 | D:12     | Slain by a death knight

Illustrated notes

Levels and vault maps discovered:
D:1:      dreamdust_arrival_sigmund_warning, layout_loops_ring,
          lemuel_flame_loot_1
D:2:      layout_loops_ring, serial_shops, nicolae_shop_back_alley_shop,
          minmay_bisected
D:3:      layout_loops_cross, dreamdust_divine_triumvirate,
          mainiacjoe_overflow_paths, hellmonk_ecumenical_altar_lost_god,
          st_stairs_3, kennysheep_flooded_box, pf_guarded_unrand_woodcutter
D:4:      layout_rooms, nicolae_overflow_hidden_temple,
          mainiacjoe_overflow_big_doors
D:5:      layout_cave_pools, grunt_qazlal_sundering,
          mainiacjoe_overflow_boulevard, uniq_sigmund, uniq_grinder
D:6:      layout_loops_cross, lightli_church_of_beogh
D:7:      layout_loops_ring, minmay_temple_entry_mist,
          serial_library_hellmonk_hallway_a
D:8:      cheibrodos_steamvent, layout_basic
D:9:      layout_big_octagon, gammafunk_temple_overflow_elements,
          dpeg_lair_monsters
D:10:     layout_cave_pools, david_orc_4
D:11:     layout_basic, vehumet_statue, uniq_erica
D:12:     dreamdust_labyrinth, layout_basic, minmay_bent
Lair:1:   layout_cave_pods, serial_bayou_lagoon_b, serial_bayou_shore_b
Lair:2:   layout_cave_shapes, uniq_gastronok
Lair:3:   layout_small_grid, nicolae_swamp_entry_spooky,
          nicolae_spider_entry_orb_guardian, nicolae_volcano_entry_batcave
Lair:4:   layout_misc_corridors, grunt_megastairs_5, lemuel_fruit_tree
Lair:5:   evilmike_catoblepas_cave, layout_concentric_octagons, slime_entry_1,
          grunt_megastairs_2, serial_bayou_shore_b, uniq_nessos, uniq_josephine
Orc:1:    layout_caves
Orc:2:    grunt_orc_community_town_hall, layout_diamond_mine,
          grunt_orc_community_big_house_2, grunt_orc_community_big_house_2,
          grunt_orc_community_house_2, grunt_orc_community_house_2,
          grunt_orc_community_house_2, grunt_orc_community_house_2,
          grunt_orc_community_house_2, basic_altar, lightli_orcish_oven

Skill      XL: |  1  2  3  4  5  6  7  8  9 10 11 12 13 14 15 |
---------------+----------------------------------------------+-----
Armour         | 1 2 3 5 6 8 9 10 11 12 13 | 13.7
Fighting       | 4 5 7 8 9 11 12 13 14 15 | 15.3
Short Blades   | 1 2 |  2.4
Invocations    | 1 3 5 7 9 11 13 15 18 19 20 | 20.0
Dodging        | 3 5 6 7 8 9 |  9.7
Maces & Flails | 5 |  5.8
Axes           | |  4.7
Shields        | |  0.6

Action                     |  1- 3 |  4- 6 |  7- 9 | 10-12 | 13-15 || total
---------------------------+-------+-------+-------+-------+-------++-------
  Melee: Hand axe          |    90 |       |       |       |       ||    90
         Short sword       |     8 |    46 |       |       |       ||    54
         Battleaxe         |       |    47 |   263 |   331 |   575 ||  1216
 Invoke: Minor Destruction |       |       |    34 |    92 |   126 ||   252
         Lesser Servant of |       |       |     4 |    20 |    22 ||    46
         Major Destruction |       |       |       |     2 |     1 ||     3
         Greater Servant o |       |       |       |       |     9 ||     9
  Evoke: Wand              |       |       |       |       |     2 ||     2
         Tin of tremorston |       |       |       |       |     1 ||     1
    Use: Scroll            |       |       |     1 |    12 |    11 ||    24
         Potion            |       |       |       |     3 |    11 ||    14
   Stab: Distracted        |       |       |       |     2 |     5 ||     7
 Armour: Robe              |    44 |       |       |       |       ||    44
         Scale mail        |    13 |    50 |   182 |   286 |   468 ||   999
         Plate armour      |       |       |       |       |   193 ||   193
  Dodge: Dodged            |    81 |    27 |    96 |   174 |   465 ||   843

Table legend: (Time is in decaauts)
 A = Elapsed time spent in this place.
 B = Non-inter-level travel time spent in this place.
 C = Inter-level travel time spent in this place.
 D = Time resting spent in this place.
 E = Time spent auto-exploring this place.
 F = Levels seen in this place.
 G = Mean time per level.
                   A        B        C        D        E       F      G
               +--------+--------+--------+--------+--------+-----+--------+
         Total |  20336 |  18543 |   1793 |   1286 |  13236 |  19 | 1070.3 |
       Dungeon |  10859 |   9672 |   1187 |    410 |   7285 |  12 |  904.9 |
          Lair |   7198 |   6756 |    442 |    754 |   4631 |   5 | 1439.6 |
  Orcish Mines |   2278 |   2115 |    163 |    122 |   1319 |   2 | 1139.0 |
               +--------+--------+--------+--------+--------+-----+--------+

Top non-repeatable levels by time:
  Lair:4: 2261 daAuts
    D:11: 1578 daAuts
  Lair:1: 1538 daAuts
   Orc:2: 1480 daAuts
  Lair:3: 1361 daAuts
  Lair:5: 1254 daAuts
     D:9: 1226 daAuts
     D:6: 1180 daAuts
     D:3: 1031 daAuts
    D:10: 1012 daAuts
     D:2: 868 daAuts
     D:5: 829 daAuts
     D:1: 820 daAuts
   Orc:1: 798 daAuts
  Lair:2: 782 daAuts
